 Seeded DCSS version 0.29.1-2-gbd0b4ee654 (webtiles) character file.

Game seed: 20221102 (custom seed)

33 Nerdsrcool the Sneak (level 3, -3/28 HPs)
             Began as a Naga Hedge Wizard on Nov 2, 2022.
             Slain by a worm (10 damage)
             ... on level 3 of the Dungeon.
             The game lasted 00:05:22 (2058 turns).

Nerdsrcool the Sneak (Naga Hedge Wizard)            Turns: 2058, Time: 00:05:25

Health: -3/28      AC:  2    Str: 14    XL:     3   Next: 29%
Magic:  6/7        EV: 10    Int: 14    God:
Gold:   160        SH:  0    Dex: 10    Spells: 7/8 levels left

rFire   . . .      SeeInvis +   h - +4 hand axe (elec)
rCold   . . .      Faith    .   (no shield)
rNeg    . . .      Spirit   .   b - +0 robe
rPois   +          Reflect  .   c - +0 hat
rElec   .          Harm     .   (no cloak)
rCorr   .          Rampage  .   (no gloves)
Will    .....                   (no barding)
Stlth   ++........              (no amulet)
HPRegen 0.09/turn               (no ring)
MPRegen 0.10/turn               (no ring)

@: very slow
A: AC +1, large, see invisible, deformed body, poison resistance, slowness 2,
spit poison 1, naga tail 1
a: Spit Poison


You were on level 3 of the Dungeon.
You visited 1 branch of the dungeon, and saw 3 of its levels.

You collected 160 gold pieces.

Inventory:

Hand Weapons
 a - a +0 dagger
 g - a +0 club
 h - a +4 hand axe of electrocution (weapon)
Armour
 b - a +0 robe (worn)
 c - a +0 hat (worn)
 l - a +0 ring mail
Scrolls
 e - a scroll of butterflies {fly, unknown}
 k - a scroll of immolation {unknown}
 m - a scroll of enchant weapon {unknown}
Potions
 d - a potion of magic
 f - a potion of mutation {unknown}
 i - a potion of might {unknown}
 j - a potion of resistance {unknown}
 n - a potion of berserk rage {unknown}
 o - a potion of heal wounds {unknown}


   Skills:
 + Level 1.9 Dodging
 + Level 3.5 Stealth
 + Level 3.1 Spellcasting
 + Level 1.4 Conjurations
 + Level 1.4 Summonings
 + Level 1.5 Translocations


You had 7 spell levels left.
You knew the following spells:

 Your Spells              Type           Power      Damage    Failure   Level
a - Magic Dart            Conj           24%        1d4       12%         1

Your spell library contained the following spells:

 Spells                   Type           Power      Damage    Failure   Level
 Blink                    Tloc           12%        N/A       17%         2
 Call Imp                 Summ           6%         N/A       17%         2
 Slow                     Hex            8%         N/A       22%         1
 Conjure Flame            Conj/Fire      4%         6-21      43%         3
 Mephitic Cloud           Conj/Pois/Air  3%         N/A       45%         3


Dungeon Overview and Level Annotations

Branches:
Dungeon (3/15)

Altars:


Innate Abilities, Weirdness & Mutations

Your serpentine skin is tough. (AC +1)
You have supernaturally acute eyesight. (SInv)
Armour fits poorly on your strangely shaped body.
Your system is resistant to poisons. (rPois)
You cover ground very slowly.
You can spit poison.
You have a snake-like lower body.


Message History

You aren't carrying any pieces of jewellery.
There is a stone staircase leading down here.
You climb downwards.
There is a stone staircase leading up here.
An orc comes into view. It is wielding a +0 hand axe.
Found a viscous puce potion.
The magic dart hits the orc.
The orc is moderately wounded.
You miscast Magic Dart.
You are very lightly contaminated with residual magic.
Nothing appears to happen.
The orc barely misses you.
You closely miss the orc.
The orc is moderately wounded.
The orc hits you with a +0 hand axe. The orc hits you with a +0 hand axe!
You hit the orc. Lightning courses through the orc!
You kill the orc!
You start resting.
Your magical contamination has completely faded away.
You start resting.
Magic restored.
You start resting.
HP restored.
A worm comes into view.
You see here a viscous puce potion.
The magic dart hits the worm but does no damage.
You hit the worm.
The worm is lightly wounded.
The worm bites you!
You barely miss the worm. You hit the worm but do no damage.
The worm barely misses you.
You barely miss the worm. The worm bites you!
* * * LOW HITPOINT WARNING * * *
You are too injured to fight recklessly!
Cleave: h) +4 hand axe (elec)
Press: ? - help, Dir - move target, f/p - worm
Aim: a worm (about 21% to evade your +4 hand axe of electrocution)
You hit the worm.
The worm is lightly wounded.
The worm bites you!
You die...

#.. #.### #.#<#
#### #.#.# #...
##.#.#####
#...###....)...#.
#.................
#...##....####.#..
#...@.....# #
#....w##....#
.....#.#..####
#.## #.#.## # #.#.
#.## #. ##


You could see a worm.

Vanquished Creatures
  An orc (D:3)
  4 bats
  6 endoplasms
  2 goblins (D:1)
  3 hobgoblins
  3 quokkas
  2 ball pythons
  A frilled lizard (D:2)
  5 kobolds
  2 rats
29 creatures vanquished.

Notes
Turn   | Place    | Note
-------+----------+-------------------------------------------
     0 | D:1      | Nerdsrcool the Naga Hedge Wizard began the quest for the
                  | Orb.
     0 | D:1      | Reached XP level 1. HP: 15/15 MP: 4/4
   115 | D:1      | Reached XP level 2. HP: 22/22 MP: 0/6
   584 | D:1      | You fall into a shaft and drop 1 floor!
   792 | D:2      | Reached XP level 3. HP: 28/28 MP: 5/7
  2058 | D:3      | Slain by a worm

Illustrated notes

Levels and vault maps discovered:
D:1:      dpeg_arrival_court, layout_rooms
D:2:      layout_basic
D:3:      layout_basic, ebering_ecumenical_altar_ruins

Action                   || total
-------------------------++-------
Melee: Club              ||     2
       Hand axe          ||    13
 Cast: Magic Dart        ||    64
 Abil: Spit Poison       ||     5
Armor: Robe              ||     1
Dodge: Dodged            ||     9
